 Dungeon Crawl Stone Soup version 0.24-a0-170-gd8427f5 (webtiles) character file.

Game seed: 629343618242697979

365 galech the Chopper (level 6, -3/47 HPs)
             Began as a Demonspawn Fighter on Mar 8, 2019.
             Killed by nerve-wracking pain
             ... invoked by Menkaure
              (12 damage)
             ... on level 4 of the Dungeon.
             The game lasted 00:03:52 (2734 turns).

galech the Chopper (Demonspawn Fighter)             Turns: 2734, Time: 00:03:54

Health: -3/47      AC: 10    Str: 17    XL:     6   Next: 40%
Magic:  6/6        EV:  7    Int:  9    God:
Gold:   151        SH: 13    Dex: 14    Spells: 5/5 levels left

rFire    . . .     SeeInvis .   a - +0 war axe
rCold    . . .     Gourm    .   c - +1 shield
rNeg     . . .     Faith    .   b - +0 scale mail
rPois    .         Spirit   .   s - +0 helmet
rElec    .         Reflect  +   (no cloak)
rCorr    +         Harm     .   (no gloves)
MR       .....                  (no boots)
Stlth    ..........             g - +3 amulet of reflection
HPRegen  3.15/turn              u - +2 ring of protection
MPRegen  0.10/turn              x - ring of resist corrosion

@: no status effects
A: powered by death 1, spiny 1
a: no special abilities


You were on level 4 of the Dungeon.
You were not hungry.

You visited 1 branch of the dungeon, and saw 4 of its levels.
You also visited: Sewer.

You collected 151 gold pieces.

Inventory:

Hand Weapons
 a - a +0 war axe (weapon)
Armour
 b - a +0 scale mail (worn)
 c - a +1 shield (worn)
 d - a +0 plate armour
 s - a +0 helmet (worn)
Jewellery
 g - a +3 amulet of reflection (around neck)
 l - an uncursed amulet of the acrobat {unknown}
 u - a +2 ring of protection (left hand)
 x - a ring of resist corrosion (right hand)
Wands
 r - a wand of polymorph (9)
 y - a wand of random effects (15)
 D - a wand of paralysis (7)
Scrolls
 o - 2 scrolls of teleportation
 t - 4 scrolls of enchant armour
Potions
 e - 2 potions of mutation
 i - 2 potions of curing {unknown}
 k - 2 potions of heal wounds {unknown}
 m - 3 potions of flight {unknown}
 n - 2 potions of ambrosia {unknown}
 v - a potion of resistance {unknown}
 w - a potion of berserk rage {unknown}
 z - a potion of invisibility {unknown}
 A - a potion of degeneration {unknown}
Comestibles
 f - 7 rations
 h - a chunk of flesh


   Skills:
 + Level 3.4 Fighting
 + Level 4.4 Axes
 + Level 3.4 Armour
 + Level 0.8 Dodging
 + Level 0.1 Stealth
 + Level 4.1 Shields


You had 5 spell levels left.
You didn't know any spells.
Your spell library was empty.

Dungeon Overview and Level Annotations

Branches:
Dungeon (4/15)
 Temple: D:4-7

Altars:
Hepliaklqana
Trog
Vehumet
Xom

Annotations:
D:4 Menkaure


Innate Abilities, Weirdness & Mutations

You regenerate a little health from kills.
You are partially covered in sharp spines.


Message History

The jackal is struck by your spines.
You kill the jackal!
The adder bites you but does no damage.
You barely miss Menkaure.
Menkaure is moderately damaged.
You closely miss the adder. You block Menkaure's attack.
The adder is struck by your spines. The adder bites you.
Menkaure hits you but does no damage.
You barely miss Menkaure.
Menkaure is moderately damaged.
You miss the adder. The adder bites you but does no damage. Menkaure hits you!
* * * LOW HITPOINT WARNING * * *
The adder is struck by your spines.
You kill the adder!
Unknown command.
Your scale mail prevents you from hitting Menkaure.
Menkaure is moderately damaged.
Menkaure casts a spell at you. Pain shoots through your body!
You die...

#...#≈≈≈#........
.#...#≈≈≈#.###.##.
.....#≈.≈#.# .#
##...#≈≈≈#.# .
###.#≈≈≈#.#
....#####.## ..
##.........#....
##..............
#.....@.........
......M††........
##...............
....(............
##...............
#...............
#..............
##.$.......%..


You could see Menkaure.

Vanquished Creatures
  A crocodile (Sewer)
  A hound (D:4)
  Robin (D:2)
  2 gnolls (D:2)
  11 adders
  2 oozes
  An adder zombie (D:3)
  2 worms
  4 dart slugs
  3 leopard geckos
  An orc (D:3)
  4 ball pythons
  9 bats
  2 giant cockroaches (D:4)
  10 hobgoblins
  4 jackals
  7 kobolds
  9 quokkas
  4 frilled lizards
  15 goblins
  21 rats
114 creatures vanquished.

Notes
Turn   | Place    | Note
-------+----------+-------------------------------------------
     0 | D:1      | galech the Demonspawn Fighter began the quest for the Orb.
     0 | D:1      | Reached XP level 1. HP: 18/18 MP: 1/1
   106 | D:1      | Gained mutation: You are partially covered in sharp spines.
                  | [demonic ancestry]
   106 | D:1      | Reached XP level 2. HP: 24/24 MP: 2/2
   932 | D:2      | Reached XP level 3. HP: 29/29 MP: 3/3
  1475 | D:2      | Found a radiant altar of Vehumet.
  1483 | D:2      | Gained mutation: You regenerate a little health from kills.
                  | [demonic ancestry]
  1483 | D:2      | Reached XP level 4. HP: 33/35 MP: 4/4
  1519 | D:2      | Noticed Robin
  1533 | D:2      | Killed Robin
  1657 | D:2      | Reached XP level 5. HP: 33/41 MP: 5/5
  2057 | D:2      | Found a shimmering altar of Xom.
  2058 | D:2      | Found a hazy altar of Hepliaklqana.
  2058 | D:2      | Noticed a hell beast
  2059 | D:2      | Noticed a spectral ugly thing
  2059 | D:2      | Noticed a hell beast
  2537 | D:4      | Found a bloodstained altar of Trog.
  2545 | D:4      | Found a glowing drain.
  2578 | Sewer    | Entered a sewer
  2640 | Sewer    | Noticed a crocodile
  2655 | Sewer    | Killed a crocodile
  2655 | Sewer    | Reached XP level 6. HP: 24/47 MP: 6/6
  2724 | D:4      | Noticed Menkaure
  2734 | D:4      | Killed from afar by Menkaure

Levels and vault maps discovered:
D:1:      dpeg_arrival_concentric_ovals, layout_basic, serial_corexii_hall,
          corexii_hall_statues_deadend, corexii_hall_statues_i
D:2:      wad_woods_tower, layout_basic, regret_index_temple_of_mockery,
          old_standard_altar, minmay_rat_hole, uniq_robin
D:3:      layout_rooms
D:4:      layout_rooms, kennysheep_little_box, old_standard_altar,
          gup_sewer_entry_glass, serial_shops, shop, enter_ossuary_5,
          first_ration, uniq_menkaure
Sewer:    sewer_the_crocodile

Skill      XL: |  1  2  3  4  5 |
---------------+----------------+-----
Shields        | 3 4 |  4.1
Axes           | 2 3 4 |  4.4
Armour         | 3 |  3.4
Fighting       | |  3.4
Dodging        | |  0.8
Stealth        | |  0.1

Action                   |  1- 3 |  4- 6 || total
-------------------------+-------+-------++-------
Melee: War axe           |   106 |   149 ||   255
  Use: Scroll            |       |     8 ||     8
       Potion            |       |     1 ||     1
  Eat: Chunk             |     2 |     4 ||     6
Armor: Scale mail        |    26 |    56 ||    82
Dodge: Dodged            |    29 |    33 ||    62
Block: Shield            |    80 |   107 ||   187
       Reflection        |     2 |       ||     2

Table legend:
 A = Non-vault XP
 B = Vault XP
 C = Vault XP percentage of total XP
 D = Non-vault monster count
 E = Vault monster count
 F = Vault count percentage of total count
                 A         B        C        D         E       F
            +---------+---------+-------+---------+---------+-------
      Total |     271 |     251 |  48.1 |      66 |      48 |  42.1
            +---------+---------+-------+---------+---------+-------
        D:1 |      37 |       0 |   0.0 |      19 |       0 |   0.0
        D:2 |      98 |      94 |  49.0 |      24 |      37 |  60.7
        D:3 |      72 |       0 |   0.0 |      16 |       0 |   0.0
        D:4 |      64 |      43 |  40.2 |       7 |       5 |  41.7
      Sewer |       0 |     114 | 100.0 |       0 |       6 | 100.0
            +---------+---------+-------+---------+---------+-------
